 Dungeon Crawl Stone Soup version bcrawl-1.40.1 (webtiles) character file.

Game seed: 3593948122580235140

286774 Mehrunes the Archer (level 9, -4/79 HPs)
             Began as a Centaur Hunter on Nov 2, 2023.
             Was a Follower of Uskayaw.
             Hit by a poisoned tomahawk thrown by an orc warrior (15 damage)
             ... on level 6 of the Dungeon.
             The game lasted 00:17:42 (5936 turns).

Mehrunes the Archer (Centaur Hunter)                Turns: 5936, Time: 00:17:43

Health: -4/79      AC:  6    Str: 19      XL:     9   Next: 26%
Magic:  10/10      EV: 10    Int: 11      God:    Uskayaw [*.....]
Gold:   296        SH:  0    Dex: 10 (11) Spells: 8/8 levels left

rFire    . . .     GDR:     22% a - +2 shortbow
rCold    . . .     SeeInvis .   (shield currently unavailable)
rNeg     . . .     Gourm    .   j - +0 ring mail
rPois    +         Faith    .   u - +0 helmet
rElec    .         Spirit   .   (no cloak)
rCorr    .         Reflect  .   (no gloves)
MR       .....                  (no barding)
Stlth    ..........             (no amulet)
HPRegen  0.23/turn              r - ring of poison resistance
MPRegen  0.12/turn              (no ring)

@: confused, lethally poisoned (-4 -> -11), berserk cooldown, hasted and slowed,
very quick
A: large, hooves 3, deformed body, herbivore, speed 2, tough skin 3
a: Stomp, Renounce Religion


You were on level 6 of the Dungeon.
You worshipped Uskayaw.
Uskayaw was noncommittal.
You were hungry.

You visited 1 branch of the dungeon, and saw 6 of its levels.

You collected 296 gold pieces.

Inventory:

Hand Weapons
 a - a +2 shortbow (weapon)
 b - a +2 flail of holy wrath
 k - a +0 short sword
 x - a +0 mace
Missiles
 d - 413 arrows (quivered)
 z - a throwing net {=f}
Armour
 c - a +0 leather armour
 j - a +0 ring mail (worn)
 u - a +0 helmet (worn)
 D - a cursed +0 plate armour
Jewellery
 r - a ring of poison resistance (left hand)
 y - an uncursed ring of stealth {unknown}
 A - a +5 ring of dexterity {unknown}
 E - an uncursed amulet of the acrobat {unknown}
Wands
 G - a wand of paralysis (8)
Scrolls
 g - a scroll of revelation {unknown}
 i - 6 scrolls of identify
 l - 2 scrolls of remove curse
 m - 2 scrolls of enchant armour {unknown}
 o - a scroll of teleportation {unknown}
 p - 2 scrolls of amnesia
 q - 3 scrolls of enchant weapon {unknown}
 s - 2 scrolls of noise {unknown}
 t - a scroll of blinking {unknown}
 F - 2 scrolls of fear {unknown}
Potions
 f - 2 potions of berserk rage
 h - a potion of haste
 n - a potion of invisibility {unknown}
 v - a potion of heal wounds {unknown}
 w - a potion of curing {unknown}
 B - a potion of degeneration {unknown}
 C - a potion of ambrosia
Comestibles
 e - 3 rations {!d}


   Skills:
 + Level 7.5 Fighting
 - Level 5.0 Maces & Flails
 + Level 10.0 Bows
 + Level 5.2 Dodging
 - Level 0.5 Stealth
 + Level 1.8 Invocations


You had 8 spell levels left.
You didn't know any spells.
Your spell library contained the following spells:

 Spells                   Type           Power        Failure   Level  Hunger
 Magic Dart               Conj           #...         52%         1    None
 Blink                    Tloc           N/A          67%         2    ####...
 Call Imp                 Summ           #.....       67%         2    ####...
 Conjure Flame            Conj/Fire      #.......     88%         3    #####..
 Mephitic Cloud           Conj/Pois/Air  #.......     88%         3    #####..
 Spider Form              Tmut/Pois      #..          88%         3    #####..


Dungeon Overview and Level Annotations

Branches:
Dungeon (6/12)             Temple (0/1) D:5

Altars:
Ashenzari
Gozag
Hepliaklqana
Kikubaaqudgha
Nemelex Xobeh
Sif Muna
Uskayaw

Shops:
D:5 =   D:6 !

Annotations:
D:4 3 runed translucent doors, yrara's ghost, novice DsFi


Innate Abilities, Weirdness & Mutations

You have hooves in place of feet.
Armour fits poorly on your strangely shaped body.
You are a herbivore.
You cover ground very quickly.
You have extremely tough skin. (AC +3)


Message History

* * * LOW HITPOINT WARNING * * *
You feel sick.
It was a potion of haste.
You feel yourself speed up.
* * * LOW HITPOINT WARNING * * *
You feel sick.
* * * LOW HITPOINT WARNING * * *
You feel sick.
* * * LOW HITPOINT WARNING * * *
You feel sick.
It was a potion of ambrosia.
You are confused.
You feel invigorated.
* * * LOW HITPOINT WARNING * * *
You feel sick.
* * * LOW HITPOINT WARNING * * *
You feel sick.
You feel sick.
The orc warrior throws a poisoned tomahawk.
The poisoned tomahawk hits you!
You die... #.. .# # ..# .#.# ##. ..## #.#.# ... #..##..##..#.# ##### ... ...........# ##...## .oo

#.#.#.##..# #.###.## #.#
#.........# #.# #... #.#
###.<#.#.## #.###.## #.#
#@###..# ##.(.## ##)## #..#.#.#
##.## ##..o## #.#..#.# #.#
##...(.## #......# #.####
##.......## ##.#.### #.##.#
#.........####...†########.#...
+.........'.......o.....o).....
#.........####....#######o.#...
##.......## ###.#.### #..##.#


You could see an orc warrior.

Vanquished Creatures
  Grinder (D:3)
  Edmund (D:4)
  2 orc warriors (D:5)
  Purgy (D:3)
  4 sky beasts
  2 ogres (D:4)
  Blork the orc (D:3)
  A bullfrog (D:6)
  An elf zombie (D:4)
  2 centaurs (D:5)
  2 scorpions
  2 orc priests
  2 crimson imps
  2 quasits
  3 hounds
  A human zombie (D:4)
  5 orc wizards
  A human skeleton (D:4)
  5 worker ants
  A worker ant zombie (D:6)
  Robin (D:3)
  5 gnolls
  5 adders
  A shadow imp (D:5)
  An ooze (D:6)
  An adder skeleton (D:6)
  2 worms (D:2)
  5 dart slugs
  3 leopard geckos
  20 orcs
  6 bats
  5 giant cockroaches
  12 hobgoblins
  2 jackals (D:3)
  4 quokkas
  2 ball pythons
  9 frilled lizards
  17 goblins
  11 kobolds
  2 orc skeletons (D:4)
  An orc zombie (D:4)
  A quokka zombie (D:5)
  5 rats
161 creatures vanquished.

Notes
Turn   | Place    | Note
-------+----------+-------------------------------------------
     0 | D:1      | Mehrunes the Centaur Hunter began the quest for the Orb.
     0 | D:1      | Reached XP level 1. HP: 17/17 MP: 1/1
   186 | D:1      | Reached XP level 2. HP: 23/25 MP: 2/2
   726 | D:1      | Reached XP level 3. HP: 26/30 MP: 3/3
  1470 | D:2      | Reached skill level 1 in Maces & Flails
  1837 | D:2      | Reached XP level 4. HP: 38/38 MP: 4/4
  1982 | D:2      | Reached skill level 6 in Bows
  2075 | D:3      | Found a faded altar of an unknown god.
  2300 | D:3      | Noticed Robin
  2321 | D:3      | Killed Robin
  2466 | D:3      | Noticed Grinder
  2503 | D:4      | Reached XP level 5. HP: 45/45 MP: 5/5
  2523 | D:4      | Noticed Edmund
  2524 | D:4      | Noticed an ogre
  2586 | D:3      | Killed Grinder
  2587 | D:3      | Reached XP level 6. HP: 26/52 MP: 6/6
  2659 | D:4      | Noticed Purgy
  2659 | D:4      | Noticed a sky beast
  2708 | D:3      | Killed Purgy
  2709 | D:3      | Reached skill level 7 in Bows
  2826 | D:3      | Noticed Blork the orc
  2843 | D:3      | Killed Blork the orc
  2844 | D:3      | Reached XP level 7. HP: 55/60 MP: 7/7
  2853 | D:3      | Found a shimmering blue altar of Sif Muna.
  3218 | D:4      | Reached skill level 5 in Fighting
  3239 | D:4      | Found a shattered altar of Ashenzari.
  3296 | D:4      | Noticed yrara's ghost (novice DsFi)
  3305 | D:4      | Found a runed translucent gate.
  3305 | D:4      | Found a runed translucent gate.
  3305 | D:4      | Found a runed translucent gate.
  3467 | D:4      | Found an ancient bone altar of Kikubaaqudgha.
  3654 | D:4      | Killed Edmund
  3655 | D:4      | Reached skill level 8 in Bows
  3697 | D:4      | Reached XP level 8. HP: 69/69 MP: 8/8
  4038 | D:5      | Entered Level 5 of the Dungeon
  4170 | D:4      | Reached skill level 5 in Maces & Flails
  4450 | D:5      | Reached skill level 9 in Bows
  4584 | D:5      | Found an opulent altar of Gozag.
  4815 | D:5      | Found a hide-covered altar of Uskayaw.
  4826 | D:5      | Became a worshipper of Uskayaw the Reveler
  4850 | D:5      | Found a hazy altar of Hepliaklqana.
  4857 | D:5      | Found Vyjauguw's Jewellery Shoppe.
  4874 | D:5      | Reached * piety under Uskayaw
  4966 | D:5      | Reached ** piety under Uskayaw
  5059 | D:5      | Reached XP level 9. HP: 79/79 MP: 9/9
  5063 | D:5      | Reached *** piety under Uskayaw
  5116 | D:5      | Found a staircase to the Ecumenical Temple.
  5211 | D:5      | Reached skill level 5 in Dodging
  5391 | D:6      | Found Pouluz's Distillery.
  5519 | D:5      | Reached skill level 1 in Invocations
  5698 | D:6      | Reached skill level 10 in Bows
  5802 | D:6      | Found a sparkling altar of Nemelex Xobeh.
  5931 | D:6      | HP: 3/79 [poisoned by an orc warrior]
  5933 | D:6      | HP: 1/79 [poisoned by an orc warrior]
  5936 | D:6      | Hit by a poisoned tomahawk thrown by an orc warrior

Skill      XL: |  1  2  3  4  5  6  7  8  9 |
---------------+----------------------------+-----
Fighting       | 3 4 5 7 |  7.5
Dodging        | 2 3 4 5 |  5.2
Maces & Flails | 1 3 4 5 |  5.0
Bows           | 6 7 8 9 10 | 10.0
Invocations    | 1 |  1.8
Stealth        | |  0.5

Action                   |  1- 3 |  4- 6 |  7- 9 || total
-------------------------+-------+-------+-------++-------
Melee: Mace              |       |    12 |     2 ||    14
       Kick              |       |     3 |    13 ||    16
       Flail             |       |       |    47 ||    47
       Shortbow          |       |       |     1 ||     1
 Fire: Shortbow          |   136 |   143 |   273 ||   552
Invok: Stomp             |       |       |     1 ||     1
 Abil: Lunge             |       |       |     1 ||     1
  Use: Scroll            |       |     2 |       ||     2
       Potion            |       |       |     3 ||     3
  Eat: Ration            |     1 |     2 |     4 ||     7
Armor: Leather armour    |     9 |       |       ||     9
       Ring mail         |     8 |    27 |    59 ||    94
Dodge: Dodged            |    20 |    27 |    65 ||   112
